 Dungeon Crawl Stone Soup version 0.30-a0-722-g3e6e8c874d (webtiles) character file.

Game seed: 12859594147757344378

797 ASSMAN the Nimble (level 7, -2/37 HPs)
             Began as a Vine Stalker Berserker on Jan 28, 2023.
             Was a Priest of Trog.
             Asphyxiated
             ... on level 4 of the Dungeon.
             The game lasted 00:05:58 (3193 turns).

ASSMAN the Nimble (Vine Stalker Berserker)          Turns: 3193, Time: 00:05:59

Health: -2/37      AC: -1    Str: 22    XL:     7   Next: 89%
Magic:  0/17       EV: 16    Int:  7    God:    Trog [***...]
Gold:   295        SH:  0    Dex: 13    Spells: 6/6 levels left

rFire   . . .      SeeInvis .    a - +1 hand axe
rCold   . . .      Faith    .    (no shield)
rNeg    . . .      Spirit   +    b - +0 animal skin
rPois   .          Reflect  .    (no helmet)
rElec   .          Harm     .    (no cloak)
rCorr   .          Rampage  .    (no gloves)
Will    .....                    (no boots)
Stlth   +                        (no amulet)
HPRegen 1.06/turn                j - ring of magical power
MPRegen 0.15/turn                (no ring)

@: lethally poisoned (-2 -> -9), marked, corroded, on berserk cooldown, slowed,
studying Dodging, very slow
A: fangs 2, regeneration 1, magic shield, antimagic bite, no potion heal 2
a: Renounce Religion, Berserk, Trog's Hand


You were on level 4 of the Dungeon.
You worshipped Trog.
Trog was most pleased with you.
You visited 1 branch of the dungeon, and saw 4 of its levels.

You collected 295 gold pieces.

Inventory:

Hand Weapons
 a - a +1 hand axe (weapon)
Armour
 b - a +0 animal skin (worn)
Magical Staves
 g - a staff of earth
Jewellery
 d - a ring of flight
 j - a ring of magical power (left hand)
Wands
 h - a wand of charming (5)
 n - a wand of flame (20)
Scrolls
 f - 5 scrolls of identify
 l - a scroll of blinking {unknown}
 o - a scroll of magic mapping {unknown}
Potions
 c - 2 potions of cancellation
 e - a potion of attraction {unknown}
 i - 2 potions of heal wounds {unknown}
 k - a potion of invisibility {unknown}
 m - 2 potions of degeneration {unknown}


   Skills:
 - Level 4.0 Fighting
 - Level 3.1 Axes
 - Level 1.5 Armour
 + Level 9.3 Dodging


You had 6 spell levels left.
You didn't know any spells.
Your spell library contained the following spells:

 Spells                   Type           Power      Damage    Failure   Level
 Apportation              Tloc           0%         N/A       43%         1
 Magic Dart               Conj           0%         1d3       43%         1
 Blink                    Tloc           0%         N/A       56%         2
 Lesser Beckoning         Tloc           0%         N/A       56%         2
 Momentum Strike          Conj/Tloc      0%         3d8       56%         2
 Searing Ray              Conj           0%         2d4       56%         2
 Fulminant Prism          Conj/Hex       0%         3d5       99%         4
 Alistair's Intoxication  Tmut/Pois      0%         N/A       100%        5


Dungeon Overview and Level Annotations

Branches:
Dungeon (4/15)
 Temple: D:4-7

Altars:
Kikubaaqudgha

Shops:
D:1 *   D:4 ?:

Annotations:
D:3 3 runed translucent doors, jlumianski's ghost, weakling DsFi
D:4 1 runed translucent door, Crazy Yiuf


Innate Abilities, Weirdness & Mutations

You have extremely sharp teeth.
Your natural rate of healing is unusually fast.
When hurt, damage is shared between your health and your magic reserves.
Your bite disrupts and absorbs the magic of your enemies.
Potions cannot restore your health.


Message History

The adder is heavily wounded.
You hit the jelly. The acid corrodes you!
Your hands burn!
* * * LOW HITPOINT WARNING * * *
You feel sick. The adder closely misses you. The jelly closely misses you.
You barely miss the adder. Your bite misses the adder.
The adder is heavily wounded.
You slash the jelly!
You kill the jelly!
Trog accepts your kill.
You feel sick. The adder closely misses you.
Your Dodging skill increases to level 9!
You closely miss the adder. You bite the adder.
You kill the adder!
Trog accepts your kill.
You slash the kobold brigand!
You feel sick.
The kobold brigand hits you with a +0 whip.
* * * LOW HITPOINT WARNING * * *
You feel sick.
You are no longer poisoned.
You miss the kobold. The kobold hits you with a +0 dagger.
* * * LOW HITPOINT WARNING * * *
You slash the jelly!
Your hands burn!
* * * LOW HITPOINT WARNING * * *
The jelly is heavily wounded.
You slash the kobold!
You kill the kobold!
Trog accepts your kill. The jelly misses you.
You hit the jelly.
Your hands burn!
You bite the jelly.
You kill the jelly!
Trog accepts your kill.
You feel a strong urge to attack something.
You are no longer berserk.
You are exhausted.
You feel yourself slow down.
The kobold brigand throws a curare-tipped dart.
The curare-tipped dart hits you.
You are lethally poisoned!
You have difficulty breathing.
You die...

...[.......# .....
########...####..###
~....≈))#....##....#
####
.~..~..)##.....#.###
##..#
.≈..~..≈.#.....#...##
#####..##
..~~..~..##.........#
#..###.#
########...#.........#
......##
##$8..8.##))##.......##
..#...#
#.†K).@..#.~.##......##
..#..##
#..######..##.##........
.....# #..
##..#..#.##..... .....#
#. ##.##.#.###....
.....# #. ..#.#.. ##...
.....# # ...)#..###...
....## .##.#........
...## .# .#....#... ...#
## ##....#..#


You could see a kobold brigand.

Vanquished Creatures
  Grinder (D:4)
  A wyvern (D:4)
  2 ogres (D:4)
  2 jellies (D:4)
  An iguana (D:4)
  7 gnolls (D:3)
  4 adders
  A white imp (D:4)
  2 worms
  4 dart slugs
  2 orcs (D:4)
  4 ball pythons
  5 bats
  8 endoplasms
  5 giant cockroaches
  12 goblins
  4 hobgoblins
  3 jackals (D:2)
  4 kobolds
  5 quokkas
  15 frilled lizards
  4 rats
96 creatures vanquished.

Vanquished Creatures (others)
  7 plants (D:1)
7 creatures vanquished.

Grand Total: 103 creatures vanquished

Notes
Turn   | Place    | Note
-------+----------+-------------------------------------------
     0 | D:1      | ASSMAN the Vine Stalker Berserker began the quest for the
                  | Orb.
     0 | D:1      | Reached XP level 1. HP: 11/11 MP: 2/2
   104 | D:1      | Found Feet's Assorted Antiques.
   160 | D:1      | Reached XP level 2. HP: 16/16 MP: 3/3
   515 | D:1      | Reached XP level 3. HP: 13/20 MP: 2/4
   911 | D:2      | Reached ** piety under Trog
  1079 | D:2      | Found an ancient bone altar of Kikubaaqudgha.
  1343 | D:2      | Gained mutation: Your natural rate of healing is unusually
                  | fast. [Vine Stalker growth]
  1343 | D:2      | Reached XP level 4. HP: 22/25 MP: 3/5
  1465 | D:2      | Identified a scroll of acquirement
  1465 | D:2      | Acquired a manual of Dodging
  1781 | D:3      | Reached skill level 2 in Dodging
  1849 | D:3      | Found a runed translucent gate.
  1849 | D:3      | Found a runed translucent gate.
  1850 | D:3      | Found a runed translucent gate.
  1852 | D:3      | Noticed jlumianski's ghost (weakling DsFi)
  1869 | D:3      | Reached skill level 3 in Dodging
  2407 | D:3      | Reached XP level 5. HP: 29/29 MP: 6/6
  2416 | D:3      | Reached skill level 4 in Dodging
  2581 | D:4      | Found Seididduxi's Book Shoppe.
  2581 | D:4      | Found a faded altar of an unknown god.
  2683 | D:4      | Found Beqosk's Magic Scroll Boutique.
  2834 | D:4      | Noticed Grinder
  2834 | D:4      | Noticed an ogre
  2845 | D:4      | Killed Grinder
  2845 | D:4      | Killed an ogre
  2846 | D:4      | Reached skill level 7 in Dodging
  2846 | D:4      | Reached XP level 6. HP: 18/33 MP: 6/7
  2846 | D:4      | Reached XP level 7. HP: 20/37 MP: 6/8
  2959 | D:4      | Found a runed translucent door.
  2960 | D:4      | Noticed Crazy Yiuf
  3121 | D:4      | Reached skill level 8 in Dodging
  3176 | D:4      | Noticed a wyvern
  3182 | D:4      | Killed a wyvern
  3187 | D:4      | Reached skill level 9 in Dodging
  3190 | D:4      | Reached *** piety under Trog
  3193 | D:4      | Asphyxiated

Illustrated notes

Levels and vault maps discovered:
D:1:      dpeg_arrival_houses_and_road, layout_basic, serial_shops,
          nicolae_shop_waterfront, minmay_lizard_king
D:2:      layout_loops_ring, basic_altar
D:3:      layout_loops_corners, gammafunk_ghost_split
D:4:      layout_cave_pools, serial_shops, nicolae_stop_n_shop_1, shop,
          serial_column_ruins, column_ruins_temple_circle,
          column_ruins_open_medium_water, column_ruins_columns_straight,
          column_ruins_grid_1, nzn_random_ring, uniq_crazy_yiuf_cottage,
          uniq_grinder

Skill      XL: |  1  2  3  4  5  6  7 |
---------------+----------------------+-----
Axes           | 3 |  3.1
Fighting       | 3 4 |  4.0
Dodging        | 3 7 9 |  9.3
Armour         | |  1.5

Action                     |  1- 3 |  4- 6 |  7- 9 || total
---------------------------+-------+-------+-------++-------
  Melee: Hand axe          |   118 |    65 |    46 ||   229
         Bite              |    18 |    16 |    15 ||    49
         Punch             |     1 |     2 |       ||     3
 Invoke: Berserk           |     3 |     5 |     2 ||    10
    Use: Potion            |     1 |       |       ||     1
         Scroll            |       |     7 |       ||     7
   Stab: Sleeping          |     3 |       |       ||     3
 Armour: Animal skin       |    25 |     4 |     2 ||    31
  Dodge: Dodged            |    95 |    45 |    49 ||   189

Table legend: (Time is in decaauts)
 A = Elapsed time spent in this place.
 B = Non-inter-level travel time spent in this place.
 C = Inter-level travel time spent in this place.
 D = Time resting spent in this place.
 E = Time spent auto-exploring this place.
 F = Levels seen in this place.
 G = Mean time per level.
                   A        B        C        D        E       F      G
               +--------+--------+--------+--------+--------+-----+--------+
         Total |   3306 |   3227 |     79 |    155 |   2434 |   4 |  826.5 |
       Dungeon |   3306 |   3227 |     79 |    155 |   2434 |   4 |  826.5 |
               +--------+--------+--------+--------+--------+-----+--------+

Top non-repeatable levels by time:
     D:3: 1009 daAuts
     D:1: 836 daAuts
     D:2: 824 daAuts
     D:4: 636 daAuts
